 Dungeon Crawl Stone Soup version 0.30.0-16-gbe6223bb7e (webtiles) character file.

Game seed: 16961460922423681984

3005 grizmgrazm2 the Sneak (level 9, -3/47 HPs)
             Began as a Vampire Earth Elementalist on May 20, 2023.
             Was a Priest of Sif Muna.
             Collided with a rock wall (15 damage)
             ... caused by Erica
             ... on level 8 of the Dungeon.
             The game lasted 00:22:07 (7344 turns).

grizmgrazm2 the Sneak (Vampire Earth Elementalist)  Turns: 7344, Time: 00:22:08

Health: -3/47      AC:  7    Str:  7    XL:     9   Next: 54%
Magic:  13/16      EV: 13    Int: 22    God:    Sif Muna [***...]
Gold:   203        SH:  0    Dex: 14    Spells: 1/18 levels left

rFire   + . .        f - +0 dagger (elec)
rCold   + + .        (no shield)
rNeg    + + +        a - +0 robe
rPois   ∞            d - +0 helmet
rElec   .            (no cloak)
rCorr   .            r - +1 pair of gloves
SInv    +            k - +1 pair of boots
Will    .....        j - amulet of faith
Stlth   ++++++       i - ring of protection from fire
HPRegen 0.00/turn    (no ring)
MPRegen 0.15/turn

%: faith
@: mighty, liquefying, very slightly contaminated, bloodless, inhibited regen,
slowed, slowed movement, very slow
A: bloodless, fangs 3, see invisible, vampiric 2
a: Bat Form, Revivify, Renounce Religion, Channel Magic, Forget Spell


You were on level 8 of the Dungeon.
You worshipped Sif Muna.
Sif Muna was most pleased with you.
You visited 1 branch of the dungeon, and saw 8 of its levels.
You also visited: Ossuary.

You collected 511 gold pieces.
You spent 308 gold pieces at shops.

Inventory:

Hand Weapons
 f - a +0 dagger of electrocution (weapon)
Armour
 a - a +0 robe (worn)
 d - a +0 helmet (worn)
 k - a +1 pair of boots (worn)
 r - a +1 pair of gloves (worn)
Jewellery
 i - a ring of protection from fire (left hand)
 j - an amulet of faith (around neck)
Scrolls
 e - 8 scrolls of teleportation
 g - a scroll of enchant weapon {unknown}
 h - 3 scrolls of fog
 m - a scroll of fear
 t - a scroll of blinking
Potions
 c - 3 potions of curing
 l - 5 potions of flight
 n - 4 potions of heal wounds
 o - a potion of cancellation
 p - 2 potions of might
 q - a potion of berserk rage
 s - a potion of mutation


   Skills:
 + Level 1.4 Fighting
 + Level 2.6 Short Blades
 + Level 3.7 Dodging
 + Level 7.8 Stealth
 + Level 5.3 Spellcasting
 * Level 0.3 Hexes
 * Level 4.4 Necromancy
 - Level 5.0 Transmutations
 * Level 1.6 Fire Magic
 * Level 3.3 Air Magic
 + Level 5.8 Earth Magic
 * Level 2.1 Poison Magic
 * Level 2.5 Invocations
 * Level 2.1 Evocations


You had one spell level left.
You knew the following spells:

 Your Spells              Type           Power      Damage    Failure   Level
a - Sandblast             Erth           62%        2d14      1%          1
b - Leda's Liquefaction   Hex/Erth       9%         N/A       28%         4
c - Vampiric Draining     Necr           25%        2d7       4%          3
d - Petrify               Tmut/Erth      29%        N/A       11%         4
e - Ignite Poison         Fire/Tmut/Pois 18%        N/A       9%          3
f - Cigotuvi's Dreadful   Necr/Pois/Air  40%        N/A       3%          2

Your spell library contained the following spells:

 Spells                   Type           Power      Damage    Failure   Level
 Necrotise                Necr           100%       1d9       1%          1
 Passwall                 Tmut/Erth      24%        N/A       1%          2
 Stone Arrow              Conj/Erth      36%        3d9       9%          3
 Portal Projectile        Hex/Tloc       12%        N/A       28%         3
 Call Canine Familiar     Summ           5%         N/A       30%         3
 Agony                    Necr           25%        N/A       41%         5
 Freezing Cloud           Conj/Ice/Air   5%         6-21      86%         5


Dungeon Overview and Level Annotations

Branches:
Dungeon (8/15)             Temple (0/1) D:5         Ossuary (visited)
   Lair: D:8-11

Altars:
Kikubaaqudgha
Ru
Sif Muna
Uskayaw
Vehumet
Wu Jian

Shops:
D:5 ?   D:6 [(   D:7 *

Annotations:
D:5 Pikel, Sigmund
D:8 Erica


Innate Abilities, Weirdness & Mutations

You do not regenerate when monsters are visible.
You are frail without blood (-20% HP).
You can heal yourself when you bite living creatures.
You are immune to poison.
You have razor-sharp teeth.
You have supernaturally acute eyesight. (SInv)
You are afflicted with vampirism and can become a bat while bloodless.


Message History

Erica laughs wildly.
Erica zaps a wand.
You easily resist.
Erica casts a spell at you.
You struggle to resist.
Casting: Leda's Liquefaction (quite dangerous; 28% risk of failure)
Confirm with . or Enter, or press ? or * to list all spells.
The spell is quite dangerous to miscast (11% risk of failure)!
Continue anyway?
Aiming: Petrify (quite dangerous; 11% risk of failure)
Press: ? - help, Shift-Dir - straight line, f - Erica
Aim: Erica, wielding a +2 scimitar of flaming, wearing a +2 robe of positive energy and carrying a wand of charming (2) (spells empowered, slightly transparent, chance to affect: 25%) Erica resists with almost no effort.
Erica hits you with a +2 scimitar of flaming.
Erica burns you.
You barely miss Erica. Your bite misses Erica.
Erica hits you with a +2 scimitar of flaming!
Erica burns you.
Casting: Petrify (quite dangerous; 11% risk of failure)
Confirm with . or Enter, or press ? or * to list all spells.
Aiming: Vampiric Draining (dangerous; 4% risk of failure)
Press: ? - help, Shift-Dir - straight line, f/p - Erica
Aim: Erica, wielding a +2 scimitar of flaming, wearing a +2 robe of positive energy and carrying a wand of charming (2) (spells empowered, slightly transparent, covering ground slowly)
You miscast Vampiric Draining.
Nothing appears to happen.
Erica says, "Fast and perfect.
Such is my way of killing."
Erica casts a spell at you.
You feel yourself slow down. Magic courses through your body.
Erica seems less brilliant.
Erica points at you and mumbles some strange words.
The lance of force misses you.
Erica zaps a wand.
You easily resist.
Casting: Vampiric Draining (dangerous; 4% risk of failure)
Confirm with . or Enter, or press ? or * to list all spells.
Aiming: Vampiric Draining (dangerous; 4% risk of failure)
Press: ? - help, Shift-Dir - straight line, f/p - Erica
Aim: Erica, wielding a +2 scimitar of flaming, wearing a +2 robe of positive energy and carrying a wand of charming (1) (slightly transparent)
You draw life force from Erica.
You feel life coursing into your body.
Erica points at you and mumbles some strange words.
The lance of force hits you!
* * * LOW HITPOINT WARNING * * *
You are knocked back by the lance of force.
You slam into the rock wall!
You die...

#...# #.......# #...#
#...... #...# #...##. #...#
#...... #...# #.#.... #...
####†####. #.####....)..#.
###########......##......
.......#@..@......[.##.##
#....>....##.##...#[.....#
#.###.....##.##...#..##..#
#.##.....................#
###.##...)).##.##.###....#.#
#........<..##.##.# #.##.#.#
#[#.......#.......# #......#
#.#.......#.......# ####.###
#.#.......#.......# #.#


You could see Erica (invisible).

Vanquished Creatures
  2 water moccasins
  An orc warrior (D:8)
  2 ice beasts
  2 black bears
  2 ogres
  2 phantoms
  A lemure (D:4)
  2 kobold brigands (D:7)
  Blork the orc (D:6)
  3 bullfrogs
  3 scorpions
  A water moccasin zombie (Ossuary)
  2 gnoll sergeants (D:7)
  A wight (D:7)
  7 howler monkeys
  3 jellies
  2 orc priests
  4 hounds
  8 orc wizards
  4 iguanas
  2 mummies (Ossuary)
  8 gnolls (D:7)
  8 adders
  2 white imps (D:7)
  An ufetubus (D:6)
  5 adder zombies (Ossuary)
  3 worms
  3 dart slugs
  22 orcs
  6 ball pythons
  5 bats
  9 endoplasms
  2 giant cockroaches
  5 gnoll zombies (Ossuary)
  8 goblins
  4 hobgoblins (D:1)
  3 jackals (D:3)
  2 quokkas
  4 frilled lizards (D:2)
  9 hobgoblin zombies (Ossuary)
  12 kobolds
  7 kobold zombies (Ossuary)
  An orc zombie (Ossuary)
  5 rats
189 creatures vanquished.

Notes
Turn   | Place    | Note
-------+----------+-------------------------------------------
     0 | D:1      | grizmgrazm2 the Vampire Earth Elementalist began the quest
                  | for the Orb.
     0 | D:1      | Reached XP level 1. HP: 13/13 MP: 3/3
   187 | D:1      | Reached XP level 2. HP: 15/15 MP: 5/5
   635 | D:1      | Gained mutation: You are afflicted with vampirism and can
                  | become a bat while bloodless. [Vampire growth]
   635 | D:1      | Reached XP level 3. HP: 19/19 MP: 2/6
   829 | D:2      | Found a faded altar of an unknown god.
   874 | D:2      | Learned a level 2 spell: Passwall
  1052 | D:2      | Learned a level 3 spell: Vampiric Draining
  1153 | D:2      | Reached skill level 4 in Stealth
  1902 | D:3      | Reached XP level 4. HP: 23/24 MP: 1/7
  2470 | D:3      | You fall into a shaft and drop 1 floor!
  2566 | D:4      | Noticed a phantom
  2573 | D:5      | Entered Level 5 of the Dungeon
  2714 | D:5      | Reached skill level 1 in Necromancy
  2714 | D:5      | Reached XP level 5. HP: 27/28 MP: 3/9
  2784 | D:5      | Found Nieck's Magic Scroll Shoppe.
  2792 | D:5      | Bought a scroll of enchant armour for 82 gold pieces
  2792 | D:5      | Bought a scroll of fear for 44 gold pieces
  2819 | D:5      | Noticed an ice beast
  2941 | D:5      | Noticed a lemure
  2964 | D:4      | Reached XP level 6. HP: 22/32 MP: 4/10
  3164 | D:4      | Found a sacrificial altar of Ru.
  3165 | D:4      | Found a radiant altar of Vehumet.
  3478 | D:4      | Reached XP level 7. HP: 35/37 MP: 7/12
  3898 | D:3      | Found a shimmering blue altar of Sif Muna.
  3902 | D:3      | Became a worshipper of Sif Muna the Loreminder
  4143 | D:6      | Reached skill level 5 in Stealth
  4195 | D:6      | Found Xaxtul's Armour Shop.
  4246 | D:6      | Found a sand-covered staircase.
  4251 | Ossuary  | Entered an ossuary
  4422 | Ossuary  | Reached skill level 1 in Short Blades
  4422 | Ossuary  | Reached skill level 5 in Earth Magic
  4436 | Ossuary  | Reached * piety under Sif Muna
  4686 | D:6      | Reached skill level 6 in Stealth
  4686 | D:6      | Reached skill level 1 in Invocations
  4686 | D:6      | Reached skill level 1 in Evocations
  4686 | D:6      | Reached XP level 8. HP: 42/42 MP: 11/14
  4691 | D:6      | Learned a level 4 spell: Petrify
  4695 | D:6      | Learned a level 3 spell: Ignite Poison
  4698 | D:6      | Learned a level 2 spell: Cigotuvi's Dreadful Rot
  4771 | D:6      | Reached skill level 1 in Air Magic
  4891 | D:6      | Noticed Blork the orc
  4892 | D:6      | Found Buirchih's Weapon Emporium.
  4906 | D:6      | Killed Blork the orc
  4998 | D:5      | Noticed Sigmund
  5215 | D:5      | Reached ** piety under Sif Muna
  5216 | D:5      | Reached skill level 1 in Poison Magic
  5330 | D:5      | Reached skill level 1 in Fighting
  5490 | D:5      | Found a staircase to the Ecumenical Temple.
  5513 | D:5      | Noticed Pikel
  5553 | D:6      | Reached skill level 1 in Fire Magic
  5671 | D:7      | Reached skill level 7 in Stealth
  5714 | D:7      | Reached XP level 9. HP: 32/47 MP: 10/16
  5803 | D:7      | Found Kazeunai's Assorted Antiques.
  5815 | D:7      | Bought a brass wand for 124 gold pieces
  5815 | D:7      | Bought a scroll labelled YZIAWNOU MOZETEF for 31 gold
                  | pieces
  5815 | D:7      | Bought a pink potion for 27 gold pieces
  6037 | D:7      | Reached *** piety under Sif Muna
  6056 | D:7      | Reached skill level 5 in Spellcasting
  6670 | D:7      | Found a hide-covered altar of Uskayaw.
  6670 | D:7      | Found an ancient bone altar of Kikubaaqudgha.
  6671 | D:7      | Found an ornate altar of the Wu Jian Council.
  6773 | D:7      | Reached skill level 5 in Transmutations
  6934 | D:7      | Learned a level 4 spell: Leda's Liquefaction
  7319 | D:8      | Noticed Erica
  7344 | D:8      | Collided with a rock wall

Illustrated notes

Levels and vault maps discovered:
D:1:      matt_arrival_spirals, layout_basic, minmay_gold_behind_fungi,
          chequers_garden, amethyst_killhole
D:2:      layout_loops_corners, nicolae_ecumenical_pavilion,
          kennysheep_cluttered_room, chequers_hall_statues_corner_a
D:3:      kennysheep_big_flooded_room, layout_loops_cross, marbit_many_paths
D:4:      layout_basic, gammafunk_temple_overflow_pools
D:5:      layout_gridville, minmay_temple_entry_gardened_gates, serial_shops,
          shop, hangedman_abyss_or_decor_stabs, serial_park_tiny_1, uniq_pikel,
          uniq_sigmund
D:6:      layout_rooms, enter_ossuary_5, serial_shops,
          nicolae_shop_tiny_real_fake_doors, shop, uniq_blork_the_orc
D:7:      layout_rooms, gammafunk_temple_overflow_claw, serial_shops,
          nicolae_shop_tiny_statue_garden, kennysheep_dice
D:8:      layout_loops_cross, nemelex_diamond_rough_becter, uniq_erica

Skill      XL: |  1  2  3  4  5  6  7  8  9 |
---------------+----------------------------+-----
Stealth        | 4 6 7 |  7.8
Earth Magic    | 4 5 |  5.8
Necromancy     | 1 2 3 4 |  4.4
Transmutations | 2 3 4 5 |  5.0
Spellcasting   | 3 4 5 |  5.3
Dodging        | 3 |  3.7
Short Blades   | 1 2 |  2.6
Invocations    | 1 2 |  2.5
Evocations     | 1 2 |  2.1
Air Magic      | 2 3 |  3.3
Poison Magic   | 1 2 |  2.1
Fighting       | 1 |  1.4
Fire Magic     | 1 |  1.6
Hexes          | |  0.3

Action                     |  1- 3 |  4- 6 |  7- 9 || total
---------------------------+-------+-------+-------++-------
  Melee: Dagger            |    41 |    37 |   135 ||   213
         Bite              |     4 |     6 |     7 ||    17
   Cast: Sandblast         |    38 |    42 |    92 ||   172
         Vampiric Draining |       |     4 |     4 ||     8
         Petrify           |       |       |     6 ||     6
         Leda's Liquefacti |       |       |     2 ||     2
Ability: Exsanguinate      |     1 |       |       ||     1
  Evoke: Wand              |       |       |     9 ||     9
    Use: Scroll            |     5 |     6 |     9 ||    20
         Potion            |       |     6 |    10 ||    16
   Stab: Sleeping          |    15 |     4 |    40 ||    59
         Petrified         |       |       |     5 ||     5
 Armour: Robe              |    11 |    20 |    39 ||    70
  Dodge: Dodged            |    42 |    36 |   112 ||   190
